 Seeded DCSS version 0.27.1-3-gb3d3a73c9e (webtiles) character file.

Game seed: 20211027 (custom seed)

32 jessy the Cudgeller (level 3, 0/23 HPs)
             Began as a Tengu Berserker on Oct 27, 2021.
             Was a Follower of Trog.
             Slain by a goblin (3 damage)
             ... on level 2 of the Dungeon.
             The game lasted 00:08:28 (1819 turns).

jessy the Cudgeller (Tengu Berserker)               Turns: 1819, Time: 00:08:28

Health: 0/23       AC:  2    Str: 18    XL:     3   Next: 25%
Magic:  4/4        EV: 12    Int:  7    God:    Trog [*.....]
Gold:   47         SH:  0    Dex: 13    Spells: 2/2 levels left

rFire    . . .     SeeInvis .   a - +0 mace
rCold    . . .     Faith    .   (no shield)
rNeg     . . .     Spirit   .   f - +0 robe
rPois    .         Reflect  .   (helmet restricted)
rElec    .         Harm     .   (no cloak)
rCorr    .         Rampage  .   (no gloves)
Will     .....                  (boots unavailable)
Stlth    +.........             (no amulet)
HPRegen  0.07/turn              (no ring)
MPRegen  0.09/turn              (no ring)

@: attractive
A: beak, talons 3
a: Renounce Religion, Berserk


You were on level 2 of the Dungeon.
You worshipped Trog.
Trog was aware of your devotion.
You visited 1 branch of the dungeon, and saw 2 of its levels.

You collected 47 gold pieces.

Inventory:

Hand Weapons
 a - a +0 mace (weapon)
 e - a +0 whip of freezing
 r - a +0 hunting sling
Missiles
 d - 3 large rocks
 i - 36 stones (quivered)
Armour
 b - a +0 animal skin
 f - a +0 robe (worn)
Magical Staves
 h - a staff of fire
Scrolls
 c - a scroll of immolation {unknown}
 k - 2 scrolls of identify {unknown}
Potions
 j - a potion of heal wounds {unknown}


   Skills:
 + Level 3.5 Fighting
 + Level 3.8 Maces & Flails
 + Level 2.5 Armour
 + Level 2.3 Dodging


You had 2 spell levels left.
You didn't know any spells.
Your spell library was empty.

Dungeon Overview and Level Annotations

Branches:
Dungeon (2/15)

Altars:

Shops:
D:1 (


Innate Abilities, Weirdness & Mutations

You have a beak for a mouth.
You have claws for feet.


Message History

Found a stone staircase leading down.
Found an escape hatch in the ceiling.
Found an escape hatch in the floor.
A giant cockroach comes into view.
You sock the giant cockroach!
You kill the giant cockroach!
Trog accepts your kill.
There is an escape hatch in the ceiling here.
A giant cockroach comes into view.
A worm comes into view.
A goblin comes into view. It is wielding a +0 club.
The giant cockroach barely misses you.
You closely miss the giant cockroach. You claw the giant cockroach.
You kill the giant cockroach!
Trog accepts your kill.
A goblin comes into view. It is wielding a +0 club.
The goblin shouts!
You closely miss the goblin. You claw the goblin, but do no damage.
The goblin hits you with a +0 club.
You hit the goblin. Your kick misses the goblin.
The goblin is moderately wounded.
The goblin misses you. The worm misses you. The goblin closely misses you.
The goblin hits you with a +0 club.
You hit the goblin but do no damage. The goblin misses you.
The goblin barely misses you. The worm bites you.
You hit the goblin.
You kill the goblin!
Trog accepts your kill. The goblin hits you with a +0 club. The worm bites you!
* * * LOW HITPOINT WARNING * * *
The goblin misses you.
You see here a +0 club.
The worm bites you.
* * * LOW HITPOINT WARNING * * *
The goblin misses you. The worm closely misses you.
It was a potion of attraction.
You feel attractive to monsters. The goblin hits you with a +0 club.
You die...

.# .# . .
.#. ... #.#
####.######
#.^.......#
#...@.....#
#...gw....#
#.........#
#....)....#
######.####
#.##
#..#######
##.##....#
#..#....#


You could see a worm and a goblin.

Vanquished Creatures
  2 dart slugs
  A ball python (D:1)
  An endoplasm (D:1)
  4 giant cockroaches
  4 goblins
  4 hobgoblins (D:1)
  5 kobolds (D:1)
  A bat (D:1)
  A frilled lizard (D:1)
  2 rats (D:1)
25 creatures vanquished.

Vanquished Creatures (others)
  2 fungi (D:1)
  5 plants (D:1)
7 creatures vanquished.

Grand Total: 32 creatures vanquished

Notes
Turn   | Place    | Note
-------+----------+-------------------------------------------
     0 | D:1      | jessy the Tengu Berserker began the quest for the Orb.
     0 | D:1      | Reached XP level 1. HP: 14/14 MP: 2/2
    11 | D:1      | Found Septann's Antique Weapon Shoppe.
   236 | D:1      | Reached XP level 2. HP: 9/19 MP: 3/3
  1103 | D:1      | Reached XP level 3. HP: 19/23 MP: 4/4
  1819 | D:2      | Slain by a goblin

Illustrated notes

Levels and vault maps discovered:
D:1:      amcnicky_arrival_gap_in_the_tavern_cellar, layout_basic,
          shapermc_ecumenical_altar_mp_ritualfount, serial_shops, shop
D:2:      layout_basic

Action                   || total
-------------------------++-------
Melee: Mace              ||    59
       Kick              ||    21
       Peck              ||    14
  Use: Potion            ||     1
Armor: Robe              ||     4
Dodge: Dodged            ||    35
